 Dungeon Crawl Stone Soup version 0.28.0-53-g5a82cb258f (webtiles) character file.

Game seed: 13502234138077978416

2489 Erymatos the Cleaver (level 9, -1/81 HPs)
             Began as a Minotaur Berserker on June 11, 2022.
             Was an Elder of Trog.
             Slain by an orc warrior
             ... wielding a +0 scimitar
              (3 damage)
             ... on level 7 of the Dungeon.
             The game lasted 00:09:58 (6714 turns).

Erymatos the Cleaver (Minotaur Berserker)           Turns: 6714, Time: 00:09:59

Health: -1/81      AC: 12    Str: 27    XL:     9   Next: 27%
Magic:  8/8        EV: 12    Int:  4    God:    Trog [****..]
Gold:   181        SH:  0    Dex:  9    Spells: 8/8 levels left

rFire   . . .      SeeInvis .   a - +0 hand axe
rCold   + . .      Faith    .   (no shield)
rNeg    . . .      Spirit   .   o - +0 ring mail
rPois   .          Reflect  .   q - +2 hat
rElec   .          Harm     .   m - +0 cloak
rCorr   .          Rampage  .   r - +1 pair of gloves {hurl}
Will    .....                   (no boots)
Stlth   ..........              (no amulet)
HPRegen 0.23/turn               g - ring of protection from cold
MPRegen 0.11/turn               (no ring)

@: on berserk cooldown, slowed, studying Short Blades, very slow
A: horns 2, retaliatory headbutt
a: Renounce Religion, Berserk, Trog's Hand, Brothers in Arms


You were on level 7 of the Dungeon.
You worshipped Trog.
Trog was greatly pleased with you.
You visited 1 branch of the dungeon, and saw 7 of its levels.

You collected 231 gold pieces.
You spent 50 gold pieces at shops.

Inventory:

Hand Weapons
 a - a +0 hand axe (weapon)
 l - the +0 hunting sling "Finaihes" {vorpal, rPois rC++ Will+ Str-3}
   (You found it on level 2 of the Dungeon)

   Any ammunition fired from it inflicts extra damage upon your enemies.
   Str:       It affects your strength (-3).
   rC:        It greatly protects you from cold.
   rPois:     It protects you from poison.
   Will:      It increases your willpower.
 u - a +0 hunting sling
Missiles
 s - a throwing net (quivered)
Armour
 m - a +0 cloak (worn)
 o - a +0 ring mail (worn)
 q - a +2 hat (worn)
 r - a +1 pair of gloves of hurling (worn)
Jewellery
 e - a +6 ring of intelligence
 g - a ring of protection from cold (left hand)
Wands
 x - a wand of polymorph (6)
 z - a wand of mindburst (9)
Scrolls
 b - a scroll of immolation {unknown}
 h - 5 scrolls of identify {unknown}
 i - a scroll of amnesia {unknown}
 j - 2 scrolls of vulnerability {unknown}
 t - 2 scrolls of magic mapping {unknown}
 w - a scroll of fog {unknown}
 y - 5 scrolls of teleportation {unknown}
Potions
 c - 2 potions of cancellation {unknown}
 d - a potion of ambrosia {unknown}
 f - a potion of berserk rage {unknown}
 k - a potion of magic {unknown}
 n - 3 potions of mutation {unknown}
 p - a potion of heal wounds {unknown}
 v - 2 potions of lignification {unknown}


   Skills:
 + Level 8.0 Fighting
 + Level 10.8 Axes
 + Level 7.0 Armour
 + Level 5.3 Dodging


You had 8 spell levels left.
You didn't know any spells.
Your spell library was empty.

Dungeon Overview and Level Annotations

Branches:
Dungeon (7/15)             Temple (0/1) D:6

Altars:
Okawaru
Ru

Shops:
D:3 *   D:4 [   D:5 =


Innate Abilities, Weirdness & Mutations

You have a pair of horns on your head.
You reflexively headbutt those who attack you in melee.


Message History

The orc warrior hits you with a +0 scimitar.
You hear some strange, mumbled words.
A puff of flame appears from out of thin air!
The puff of flame hits you!
You hit the orc warrior but do no damage.
You headbutt the orc warrior.
The orc warrior is moderately wounded.
You barely miss something. You closely miss the orc.
The orc hits you with a +0 mace.
The orc warrior hits you with a +0 scimitar!
Something hits you but does no damage. The orc closely misses you.
You furiously retaliate!
You headbutt the orc!
You kill the orc!
Trog accepts your kill.
You are too injured to fight recklessly!
Unknown command.
You are too injured to fight recklessly!
You're still recovering from your berserk rage.
You barely miss something. You hit the orc warrior.
The orc warrior hits you with a +0 scimitar!
* * * LOW HITPOINT WARNING * * *
Something hits you.
* * * LOW HITPOINT WARNING * * *
The orc warrior hits you with a +0 scimitar.
* * * LOW HITPOINT WARNING * * *
You slash something!
You hit the orc warrior but do no damage.
Something hits you.
* * * LOW HITPOINT WARNING * * *
The orc warrior hits you with a +0 scimitar!
* * * LOW HITPOINT WARNING * * *
Something hits you but does no damage.
You slash something! Trog accepts your kill.
Trog appreciates your killing of a magic user.
Reactivating autopickup.
You feel a bit more experienced.
You hit the orc warrior but do no damage.
The orc warrior hits you with a +0 scimitar.
You die...

.... ... ....#######
...## #.##..#....#
#...#####......#....#
####..........##.#....#
#.........$..###......##
.........).###..........
#......).#.$........<...
#....o@[..............#
###..)...##...###....##
#.#..$....#..##....#
.....#..#####.........
..........# ##...#####
#......##.. ...###
......# ###. ##### $####
..


You could see an orc warrior.

Vanquished Creatures
  A two-headed ogre (D:7)
  A wyvern (D:6)
  A water moccasin (D:6)
  An ice beast (D:5)
  A necrophage (D:7)
  3 ogres
  A phantom (D:6)
  A bullfrog (D:7)
  A scorpion (D:4)
  4 wights (D:4)
  A howler monkey (D:6)
  A jelly (D:4)
  A gnoll shaman (D:6)
  4 hounds
  Crazy Yiuf (D:2)
  A bullfrog skeleton (D:5)
  Jessica (D:2)
  2 iguanas
  Natasha (thrice) (D:2)
  5 orc wizards
  2 howler monkey zombies
  Robin (D:4)
  13 gnolls
  5 adders
  2 shadow imps (D:6)
  A white imp (D:5)
  An ufetubus (D:5)
  A worm (D:3)
  2 dart slugs (D:1)
  10 orcs
  7 endoplasms
  2 giant cockroaches (D:3)
  20 goblins
  13 hobgoblins
  6 jackals
  3 kobolds
  A quokka (D:5)
  8 ball pythons
  10 bats
  3 frilled lizards (D:1)
  10 rats
156 creatures vanquished.

Notes
Turn   | Place    | Note
-------+----------+-------------------------------------------
     0 | D:1      | Erymatos the Minotaur Berserker began the quest for the
                  | Orb.
     0 | D:1      | Reached XP level 1. HP: 19/19 MP: 0/0
   196 | D:1      | Reached XP level 2. HP: 26/27 MP: 1/1
   218 | D:1      | Reached skill level 4 in Axes
   319 | D:1      | Reached XP level 3. HP: 33/33 MP: 2/2
   384 | D:1      | Found a faded altar of an unknown god.
   615 | D:1      | Reached ** piety under Trog
   875 | D:2      | Found a sacrificial altar of Ru.
   877 | D:2      | Noticed Jessica
   877 | D:2      | Noticed Natasha
   883 | D:2      | Killed Natasha
   884 | D:2      | Reached skill level 5 in Axes
   888 | D:2      | Killed Jessica
   889 | D:2      | Reached XP level 4. HP: 28/41 MP: 3/3
   902 | D:2      | Noticed Natasha
   914 | D:2      | Killed Natasha
  1406 | D:2      | Noticed Natasha
  1420 | D:2      | Killed Natasha
  1421 | D:2      | Reached skill level 5 in Fighting
  1421 | D:2      | Reached XP level 5. HP: 19/48 MP: 4/4
  1798 | D:2      | Found a runed translucent door.
  1799 | D:2      | Noticed Crazy Yiuf
  1973 | D:2      | Identified the +0 hunting sling "Finaihes" {vorpal, rPois
                  | rC++ Will+ Str-3}
  2119 | D:2      | Killed Crazy Yiuf
  2120 | D:2      | Reached skill level 6 in Axes
  2773 | D:3      | Found an iron altar of Okawaru.
  2790 | D:3      | Reached *** piety under Trog
  3003 | D:3      | Reached XP level 6. HP: 54/56 MP: 5/5
  3225 | D:3      | Found Alaczy's Assorted Antiques.
  3230 | D:3      | Bought a scroll labelled NYCHUXKASAG for 20 gold pieces
  3230 | D:3      | Bought a hunting sling for 30 gold pieces
  3315 | D:4      | Reached skill level 7 in Axes
  3489 | D:4      | Reached XP level 7. HP: 62/62 MP: 6/6
  3868 | D:4      | Noticed Robin
  3875 | D:4      | Reached **** piety under Trog
  3882 | D:4      | Killed Robin
  3962 | D:4      | Found Qegeurab's Antique Armour Shoppe.
  4481 | D:5      | Entered Level 5 of the Dungeon
  4500 | D:5      | Reached skill level 8 in Axes
  4567 | D:5      | Found Veoshap's Jewellery Boutique.
  4747 | D:5      | Reached XP level 8. HP: 66/71 MP: 7/7
  5486 | D:6      | Reached skill level 5 in Armour
  5709 | D:6      | Reached skill level 9 in Axes
  5935 | D:6      | Found a staircase to the Ecumenical Temple.
  6605 | D:6      | Reached ***** piety under Trog
  6606 | D:6      | Reached skill level 10 in Axes
  6606 | D:6      | Reached skill level 5 in Dodging
  6691 | D:7      | Noticed a two-headed ogre
  6703 | D:7      | Killed a two-headed ogre
  6704 | D:7      | Reached XP level 9. HP: 81/81 MP: 8/8
  6713 | D:7      | HP: 2/81 [orc warrior/+0 scimitar (9)]
  6714 | D:7      | Slain by an orc warrior

Illustrated notes

Levels and vault maps discovered:
D:1:      amcnicky_arrival_flooded_fountain, layout_basic,
          shapermc_ecumenical_altar_ellora, dk_noncrumbling_3
D:2:      layout_loops_ring, basic_altar, st_stairs_5, uniq_jessica,
          uniq_natasha, uniq_crazy_yiuf_cottage
D:3:      layout_loops_ring, okawaru_gym_becter, serial_shops,
          nicolae_shop_hallway_stairs, kennysheep_generic_room_8
D:4:      layout_basic, serial_shops, shop, nrook_campfire, kennysheep_path_1,
          uniq_robin
D:5:      layout_loops_corners, serial_bayou_pond_d,
          minmay_shop_enchanted_jewellery
D:6:      layout_loops_corners, minmay_temple_entry_junction_2
D:7:      layout_rooms, serial_shops, nicolae_shop_trees

Skill      XL: |  1  2  3  4  5  6  7  8 |
---------------+-------------------------+-----
Axes           | 4 5 6 7 8 10 | 10.8
Fighting       | 4 5 6 8 |  8.0
Dodging        | 3 4 5 |  5.3
Armour         | 3 4 7 |  7.0

Action                   |  1- 3 |  4- 6 |  7- 9 || total
-------------------------+-------+-------+-------++-------
Melee: Hand axe          |    41 |   144 |   198 ||   383
       Headbutt          |     6 |    22 |    41 ||    69
       Punch             |       |     1 |     2 ||     3
Invok: Berserk           |     1 |     2 |     2 ||     5
 Stab: Sleeping          |     1 |     1 |       ||     2
Armor: Animal skin       |     5 |    13 |       ||    18
       Ring mail         |       |    24 |    83 ||   107
Dodge: Dodged            |    29 |    76 |   101 ||   206
